 Dungeon Crawl Stone Soup version 0.19-a0-1740-g0bcaf2e (webtiles) character file.

299 wazuzu the Twirler (level 6, 0/44 HPs)
             Began as a Demonspawn Gladiator on Oct 1, 2016.
             Slain by Potsanchik's ghost (4 damage)
             ... in an ossuary.
             The game lasted 00:11:38 (2863 turns).

wazuzu the Twirler (Demonspawn Gladiator)           Turns: 2863, Time: 00:11:39

Health: 0/44       AC:  8    Str: 15    XL:     6   Next: 13%
Magic:  0/6        EV: 12    Int: 10    God:
Gold:   99         SH:  0    Dex: 15    Spells: 0 memorised, 5 levels left

rFire  . . .     SeeInvis .     a - +0 quarterstaff
rCold  . . .     Gourm    .     o - +0 leather armour
rNeg   . . .     Faith    .     (shield currently unavailable)
rPois  .         Spirit   +     u - +2 helmet
rElec  .         Dismiss  .     (no cloak)
rCorr  .         Reflect  .     (no gloves)
MR     .....     Harm     .     (no boots)
Stlth  +.........               (no amulet)
                                (no ring)
                                (no ring)

@: no status effects
A: claws 1, iridescent scales 1, evolution 1, magic shield
a: no special abilities


You were in an ossuary.
You were hungry.

You visited 1 branch of the dungeon, and saw 4 of its levels.
You also visited: Ossuary.

You collected 99 gold pieces.

Inventory:

Hand Weapons
 a - a +0 quarterstaff (weapon)
Missiles
 d - 4 throwing nets (quivered)
Armour
 o - a +0 leather armour (worn)
 u - a +2 helmet (worn)
 y - a +0 pair of gloves
Jewellery
 g - an uncursed ring of see invisible {unknown}
 h - an uncursed ring of protection from cold {unknown}
 k - an uncursed ring of protection from magic {unknown}
Scrolls
 c - a scroll of enchant weapon {unknown}
 i - a scroll of recharging {unknown}
 l - 4 scrolls of identify
 r - 4 scrolls of remove curse
 v - 2 scrolls of enchant armour {unknown}
Potions
 e - a potion of resistance {unknown}
 m - 2 potions of brilliance
 p - 3 potions of curing {unknown}
 q - a potion of cancellation {unknown}
 s - a potion of ambrosia {unknown}
 z - a potion of haste {unknown}
Comestibles
 b - 3 meat rations
 f - 2 bread rations
 j - 5 fruits
 n - 3 beef jerkies
 t - 2 royal jellies


   Skills:
 - Level 2.0 Fighting
 + Level 6.3 Staves
 - Level 1.7 Throwing
 - Level 2.6 Dodging


You had 5 spell levels left.
You didn't know any spells.

Dungeon Overview and Level Annotations

Branches:
Dungeon (4/15)
 Temple: D:4-7

Altars:
Uskayaw

Annotations:
Ossuary Potsanchik's ghost, amateur DEGl


Innate Abilities, Weirdness & Mutations

You have sharp fingernails.
You are partially covered in iridescent scales. (AC +2)
When hurt, damage is shared between your health and your magic reserves.
You evolve.


Message History

You hit Potsanchik's ghost.
Potsanchik's ghost is moderately damaged.
Potsanchik's ghost barely misses you.
You miss Potsanchik's ghost.
Potsanchik's ghost is moderately damaged.
Potsanchik's ghost hits you!
* * * LOW HITPOINT WARNING * * *
You closely miss Potsanchik's ghost.
Potsanchik's ghost is moderately damaged.
Potsanchik's ghost closely misses you.
You miss Potsanchik's ghost.
Potsanchik's ghost is moderately damaged.
Potsanchik's ghost misses you.
You hit Potsanchik's ghost.
Potsanchik's ghost is heavily damaged.
Potsanchik's ghost completely misses you.
You closely miss Potsanchik's ghost.
Potsanchik's ghost is heavily damaged.
Potsanchik's ghost hits you.
You die...

## ..
###'#####
.......
......
#'''#
#W..#
+@..+
#...#
#...#
#...#
#...#
#...#
#...#
#...#
##'''##


You could see Potsanchik's ghost.

Vanquished Creatures
  A scorpion (D:4)
  2 hounds (D:4)
  An iguana (D:4)
  A mummy (Ossuary)
  6 adders
  2 oozes
  2 worms (D:3)
  2 dart slugs (D:1)
  A leopard gecko (D:1)
  An orc (D:3)
  A ball python (D:3)
  5 giant cockroaches
  7 goblins
  7 hobgoblins
  3 jackals (D:2)
  A quokka (D:3)
  6 bats
  5 frilled lizards
  A gnoll skeleton (Ossuary)
  8 kobolds
  4 kobold skeletons (Ossuary)
  3 orc skeletons (Ossuary)
  10 rats
80 creatures vanquished.

Notes
Turn   | Place    | Note
-------+----------+-------------------------------------------
     0 | D:1      | wazuzu the Demonspawn Gladiator began the quest for the Orb.
     0 | D:1      | Reached XP level 1. HP: 16/16 MP: 1/1
    74 | D:1      | Reached skill level 3 in Staves
   143 | D:1      | Gained mutation: You are partially covered in iridescent scales. (AC +2) [demonic ancestry]
   143 | D:1      | Reached XP level 2. HP: 16/22 MP: 2/2
   582 | D:1      | Gained mutation: When hurt, damage is shared between your health and your magic reserves. [demonic ancestry]
   582 | D:1      | Reached XP level 3. HP: 22/27 MP: 3/3
   946 | D:2      | Reached skill level 4 in Staves
   956 | D:2      | Found a hide-covered altar of Uskayaw.
   963 | D:2      | Noticed a hand axe
   963 | D:2      | Noticed a dagger
  1683 | D:3      | Gained mutation: You have sharp fingernails. [demonic ancestry]
  1683 | D:3      | Reached XP level 4. HP: 21/33 MP: 4/4
  2090 | D:3      | Reached skill level 5 in Staves
  2267 | D:3      | Reached XP level 5. HP: 38/38 MP: 5/5
  2480 | D:4      | Reached skill level 6 in Staves
  2492 | D:4      | Reached XP level 6. HP: 12/44 MP: 2/6
  2523 | D:4      | Found a sand-covered staircase.
  2530 | Ossuary  | Entered an ossuary
  2530 | Ossuary  | Noticed a wraith
  2530 | Ossuary  | Noticed a wraith
  2530 | Ossuary  | Noticed a wraith
  2735 | Ossuary  | Gained mutation: You evolve. [potion of beneficial mutation]
  2841 | Ossuary  | Noticed Potsanchik's ghost (amateur DEGl)
  2863 | Ossuary  | Slain by Potsanchik's ghost

Vault maps used:
D:1:      dpeg_arrival_boxes_within_box, minmay_misc_feat_enclosed
D:2:      dancing_weapons_uskayaw
D:3:      first_bread
D:4:      yredelemnul_forgotten_temple_becter, nicolae_overflow_hidden_temple,
          enter_ossuary_4, uniq_crazy_yiuf_cottage
Ossuary:  ossuary_due_mausoleum

Skill      XL: |  1  2  3  4  5 |
---------------+----------------+-----
Staves         | 3 4 5 6 |  6.3
Fighting       | |  2.0
Throwing       | |  1.7
Dodging        | |  2.6

Action                   |  1- 3 |  4- 6 || total
-------------------------+-------+-------++-------
Melee: Quarterstaff      |   118 |   160 ||   278
  Use: Scroll            |       |     3 ||     3
       Potion            |       |     1 ||     1
 Stab: Sleeping          |       |     2 ||     2
       Distracted        |       |     1 ||     1
  Eat: Chunk             |     2 |     4 ||     6
Armor: Leather armour    |    39 |    50 ||    89
Dodge: Dodged            |    74 |   120 ||   194
